 Dungeon Crawl Stone Soup version 0.20.1-1-g8b1a95d (console) character file.

1216 hilaritas the Chiller (level 8, -5/41 HPs)
             Began as a Deep Elf Ice Elementalist on Nov 26, 2017.
             Was an Initiate of Sif Muna.
             Killed from afar by Blork the orc (10 damage)
             ... with a magic dart
             ... on level 6 of the Dungeon.
             The game lasted 00:17:54 (7021 turns).

hilaritas the Chiller (Deep Elf Ice Elementalist)   Turns: 7021, Time: 00:17:55

Health: -5/41      AC:  7    Str:  6    XL:     8   Next: 22%
Magic:  0/20       EV: 18    Int: 22    God:    Sif Muna [......]
Gold:   342        SH:  0    Dex: 20    Spells: 6/21 levels left

rFire    . . .     SeeInvis .   f - +1 dagger (pierce)
rCold    . . .     Gourm    .   (no shield)
rNeg     . . .     Faith    .   a - +0 robe
rPois    .         Spirit   .   (helmet restricted)
rElec    .         Reflect  .   u - +0 cloak
rCorr    .         Harm     .   d - +1 pair of gloves
MR       .....                  (no boots)
Stlth    +++.......             (no amulet)
Regen    0.2/turn               (no ring)
MPRegen  0.2/turn               (no ring)

@: agile
A: antennae 1, slimy green scales 1
a: Renounce Religion


You were on level 6 of the Dungeon.
You worshipped Sif Muna.
Sif Muna was noncommittal.
You were very hungry.

You visited 1 branch of the dungeon, and saw 6 of its levels.

You collected 342 gold pieces.

Inventory:

Hand Weapons
 f - a +1 dagger of piercing (weapon)
Armour
 a - a +0 robe (worn)
 d - a +1 pair of gloves (worn)
 u - a +0 cloak (worn)
Jewellery
 j - an uncursed ring of flight
Scrolls
 e - a scroll of fog
 g - a scroll of magic mapping
 h - 4 scrolls of identify
 i - a scroll of enchant weapon
 n - 3 scrolls of teleportation
Books
 b - a book of Frost

   Spells                             Type                      Level
   a - Freeze                         Ice                          1
   b - Throw Frost                    Conjuration/Ice              2
   c - Ozocubu's Armour               Charms/Ice                   3
   d - Throw Icicle                   Conjuration/Ice              4
   e - Summon Ice Beast               Ice/Summoning                4
 s - a book of Cantrips

   Spells                             Type                      Level
   a - Confusing Touch                Hexes                        1
   b - Animate Skeleton               Necromancy                   1
   c - Summon Small Mammal            Summoning                    1
   d - Apportation                    Translocation                1
Comestibles
 c - 4 bread rations
 k - a royal jelly


   Skills:
 - Level 2.4 Dodging
 - Level 2.4 Stealth
 - Level 7.0 Spellcasting
 * Level 4.9 Conjurations
 - Level 4.0 Charms
 + Level 7.9 Ice Magic
 * Level 0.7 Invocations


You had 6 spell levels left.
You knew the following spells:

 Your Spells              Type           Power        Failure   Level  Hunger
a - Freeze                Ice            ####         1%          1    None
b - Throw Frost           Conj/Ice       #####.       1%          2    None
c - Ozocubu's Armour      Chrm/Ice       ####....     1%          3    None
d - Throw Icicle          Conj/Ice       #####...     5%          4    ###....
e - Summon Ice Beast      Ice/Summ       ####....     16%         4    ###....
f - Apportation           Tloc           #.....       9%          1    None


Dungeon Overview and Level Annotations

Branches:
Dungeon (6/15)
 Temple: D:4-7

Altars:
Sif Muna
Trog
Yredelemnul

Shops:
D:4 *

Annotations:
D:6 Blork the orc


Innate Abilities, Weirdness & Mutations

You have a pair of small antennae on your head.
You are partially covered in slimy green scales. (AC +2)


Message History

You hit Blork the orc but do no damage.
Blork the orc is severely wounded.
The orc closely misses you.
Blork the orc screams, "I'll crush all your ribs!
One by one!"
Blork the orc hits you with a mace.
* * * LOW HITPOINT WARNING * * *
You hit Blork the orc but do no damage.
Blork the orc is severely wounded.
Your icy armour evaporates.
Blork the orc closely misses you. The orc completely misses you.
Casting: Freeze
Confirm with . or Enter, or press ? or * to list all spells.
Aiming: Freeze
Press: ? - help, Shift-Dir - straight line, f/p - Blork the orc
Aim: Blork the orc, wielding a mace and wearing an embroidered robe (severely wounded, fast)
You freeze Blork the orc.
Blork the orc is almost dead.
Blork the orc gestures at you while chanting.
The magic dart hits you!
You die...

#.# #.#.#.. #.#.#.#
#.#.#.# #.#.#.#
#.#.#.# #.#.#.#
#.#.#.#
##.####.#.#.#######
...................
#.#####.#.#@#######
#.#.#o#########
#.#.#.o...o.o.o
#.#............
#.############# #.#
#.# #.# #.#########
#.##......#
#.##.####.#


You could see Blork the orc and an orc.

Vanquished Creatures
  The ghost of Irenicus the Slasher, an amateur OpMo (D:4)
  A water moccasin (D:4)
  An orc warrior (D:6)
  A phantom (D:5)
  A necrophage (D:4)
  2 ogres (D:5)
  A quasit (D:5)
  A bullfrog zombie (D:5)
  4 orc wizards
  2 orc priests
  Natasha (thrice) (D:3)
  3 worker ants
  A gnoll (D:1)
  4 adders
  A shadow imp (D:5)
  3 oozes
  3 dart slugs
  18 orcs
  9 bats
  4 giant cockroaches
  7 goblins
  9 hobgoblins
  3 jackals
  5 quokkas
  4 frilled lizards
  7 kobolds
  A leopard gecko skeleton (D:4)
  7 rats
107 creatures vanquished.

Notes
Turn   | Place    | Note
-------+----------+-------------------------------------------
     0 | D:1      | hilaritas the Deep Elf Ice Elementalist began the quest for the Orb.
     0 | D:1      | Reached XP level 1. HP: 10/10 MP: 6/6
   282 | D:1      | Reached XP level 2. HP: 15/15 MP: 5/8
   321 | D:1      | Learned a level 2 spell: Throw Frost
   610 | D:1      | Reached XP level 3. HP: 7/19 MP: 0/9
  1867 | D:2      | Learned a level 3 spell: Ozocubu's Armour
  2643 | D:2      | Reached skill level 5 in Ice Magic
  2760 | D:3      | Reached XP level 4. HP: 23/24 MP: 6/10
  3275 | D:3      | Noticed Natasha
  3280 | D:3      | Killed Natasha
  3368 | D:3      | Noticed Natasha
  3375 | D:3      | Killed Natasha
  3375 | D:3      | Reached XP level 5. HP: 28/28 MP: 9/14
  3381 | D:3      | Learned a level 4 spell: Throw Icicle
  3427 | D:3      | Noticed Natasha
  3432 | D:3      | Killed Natasha
  3432 | D:3      | Reached skill level 5 in Spellcasting
  3699 | D:4      | Found Hesup's Serpentskin Sales.
  3699 | D:4      | Noticed a water moccasin
  3706 | D:4      | Killed a water moccasin
  3706 | D:4      | Reached XP level 6. HP: 27/32 MP: 10/18
  3742 | D:4      | Noticed Irenicus's ghost (amateur OpMo)
  3768 | D:4      | Killed Irenicus's ghost
  4512 | D:4      | Found a basalt altar of Yredelemnul.
  4586 | D:4      | Reached XP level 7. HP: 36/36 MP: 8/19
  4718 | D:5      | Entered Level 5 of the Dungeon
  5090 | D:5      | Learned a level 4 spell: Summon Ice Beast
  5092 | D:5      | Learned a level 1 spell: Apportation
  5849 | D:5      | Found a bloodstained altar of Trog.
  6247 | D:5      | Reached XP level 8. HP: 26/41 MP: 13/20
  6466 | D:5      | Found a deep blue altar of Sif Muna.
  6472 | D:5      | Became a worshipper of Sif Muna the Loreminder
  7000 | D:6      | Noticed Blork the orc
  7005 | D:6      | Gained mutation: You are dopey. (Int -2) [potion of mutation]
  7005 | D:6      | Gained mutation: You are agile. (Dex +2) [potion of mutation]
  7014 | D:6      | Lost mutation: You are agile. (Dex +2) [potion of mutation]
  7014 | D:6      | Lost mutation: You are dopey. (Int -2) [potion of mutation]
  7014 | D:6      | Gained mutation: You have a pair of small antennae on your head. [potion of mutation]
  7014 | D:6      | Gained mutation: You are partially covered in slimy green scales. (AC +2) [potion of mutation]
  7021 | D:6      | Killed from afar by Blork the orc

Skill      XL: |  1  2  3  4  5  6  7 |
---------------+----------------------+-----
Ice Magic      | 4 5 7 |  7.9
Conjurations   | 2 3 4 |  4.9
Spellcasting   | 4 7 |  7.0
Charms         | 4 |  4.0
Dodging        | |  2.4
Stealth        | |  2.4
Invocations    | |  0.7

Action                   |  1- 3 |  4- 6 |  7- 9 || total
-------------------------+-------+-------+-------++-------
Melee: Dagger            |    87 |    11 |    31 ||   129
 Cast: Freeze            |    48 |    75 |    79 ||   202
       Throw Frost       |       |     3 |    19 ||    22
       Throw Icicle      |       |     2 |    12 ||    14
       Ozocubu's Armour  |       |     1 |     3 ||     4
  Use: Scroll            |       |     8 |     3 ||    11
       Potion            |       |       |     7 ||     7
 Stab: Distracted        |     1 |       |       ||     1
  Eat: Chunk             |     6 |     4 |     4 ||    14
       Royal jelly       |       |       |     2 ||     2
       Fruit             |       |       |     1 ||     1
Armor: Robe              |    35 |    15 |    20 ||    70
Dodge: Dodged            |    82 |    39 |    65 ||   186
